 Dungeon Crawl Stone Soup version 0.20.1-1-g8b1a95d (webtiles) character file.

3608 Sayu92 the Cleaver (level 9, -8/83 HPs)
             Began as a Minotaur Abyssal Knight on Dec 1, 2017.
             Was an Elder of Lugonu.
             Killed from afar by Joseph (16 damage)
             ... with a wand of lightning (?/15)
             ... on level 8 of the Dungeon on Dec 9, 2017.
             The game lasted 01:44:51 (10405 turns).

Sayu92 the Cleaver (Minotaur Abyssal Knight)       Turns: 10405, Time: 01:44:52

Health: -8/83      AC: 14    Str: 21    XL:     9   Next: 86%
Magic:  11/11      EV:  4    Int:  9    God:    Lugonu [****..]
Gold:   64         SH: 11    Dex:  9    Spells: 8/8 levels left

rFire    . . .     SeeInvis .   a - +2 hand axe
rCold    . . .     Gourm    .   r - +2 shield {reflect}
rNeg     . . .     Faith    .   A - +0 plate armour
rPois    .         Spirit   .   (helmet restricted)
rElec    .         Reflect  +   (no cloak)
rCorr    .         Harm     .   u - +0 pair of gloves
MR       +....                  (no boots)
Stlth    ..........             (no amulet)
Regen    0.3/turn               k - ring of flight
MPRegen  0.2/turn               (no ring)

@: no status effects
A: retaliatory headbutt, horns 2, magic resistance 1, wild magic 1
a: Depart the Abyss, Bend Space, Banish, Corrupt, Renounce Religion, Evoke
Flight


You were on level 8 of the Dungeon.
You worshipped Lugonu.
Lugonu was greatly pleased with you.
You were not hungry.

You visited 1 branch of the dungeon, and saw 8 of its levels.
You visited the Abyss 2 times.

You collected 304 gold pieces.
You spent 240 gold pieces at shops.

Inventory:

Hand Weapons
 a - a +2 hand axe (weapon)
 g - a +0 war axe
 t - a cursed +3 hand axe
Missiles
 w - a throwing net (quivered)
Armour
 r - a +2 shield of reflection (worn)
 u - a +0 pair of gloves (worn)
 A - a +0 plate armour (worn)
Jewellery
 k - a ring of flight (left hand)
Wands
 p - a wand of iceblast (8/15)
 y - a wand of clouds (4/9)
Scrolls
 d - 4 scrolls of teleportation
 q - a scroll of recharging
 v - 2 scrolls of identify
Potions
 c - a potion of brilliance
 e - 3 potions of lignification
 f - a potion of ambrosia
 h - 5 potions of curing
 i - 2 potions of heal wounds
 l - 4 potions of haste
 m - a potion of magic {unknown}
 n - 3 potions of flight
 o - a potion of agility {unknown}
Books
 b - a book of Necromancy

   Spells                             Type                      Level
   a - Pain                           Necromancy                   1
   b - Animate Skeleton               Necromancy                   1
   c - Vampiric Draining              Necromancy                   3
   d - Regeneration                   Charms/Necromancy            3
   e - Animate Dead                   Necromancy                   4
   f - Control Undead                 Necromancy                   4
Comestibles
 j - 2 royal jellies
 s - a fruit
 z - 3 bread rations
 B - 2 meat rations


   Skills:
 + Level 9.0 Fighting
 * Level 11.5 Axes
 - Level 7.7 Armour
 - Level 1.3 Dodging
 + Level 2.9 Shields
 - Level 4.2 Invocations


You had 8 spell levels left.
You didn't know any spells.

Dungeon Overview and Level Annotations

Branches:
Dungeon (8/15)             Temple (0/1) D:7
   Lair: D:8-11

Altars:
Fedhas
Gozag
Nemelex Xobeh
Ru
Sif Muna
Uskayaw
Vehumet
Xom
Zin

Shops:
D:6 [   D:7 *

Annotations:
D:4 bmj180's ghost, amateur GrFi
D:7 A creuser
D:8 Joseph; Psyche


Innate Abilities, Weirdness & Mutations

You reflexively headbutt those who attack you in melee.
You have a pair of horns on your head.
You are resistant to hostile enchantments. (MR+)
Your spells are a little harder to cast, but a little more powerful.


Message History

The sling bullet hits you but does no damage.
You see here a sling bullet.
Joseph shoots a sling bullet.
The sling bullet completely misses you.
Joseph zaps a wand.
The bolt of lightning hits you!
It is a wand of lightning (?/15).
Joseph shoots a sling bullet.
You reflect the sling bullet off your +2 shield of reflection!
The sling bullet hits Joseph.
Joseph shoots a sling bullet.
You reflect the sling bullet off your +2 shield of reflection!
The sling bullet hits Joseph!
Joseph zaps a wand.
The bolt of lightning hits you!
* * * LOW HITPOINT WARNING * * *
Joseph shoots a sling bullet.
The sling bullet hits you!
* * * LOW HITPOINT WARNING * * *
Joseph shoots a sling bullet.
You reflect the sling bullet off your +2 shield of reflection!
The sling bullet hits Joseph!
Joseph zaps a wand.
The bolt of lightning hits you!
You die...

..###.# #8..# ##.....@....#
..# #.###...# #......(....#
.## #..(....## #...........#
.# ##...(....##
##..........#
####.....@....# #..........#
###...........##
#.........##
##.............# ##........#
...#...........####.......##
..#(((..........@#######..#
.###..(...............(..##
# ####........#######....#
########## ####.# ###


You could see Joseph.

Vanquished Creatures
  Pikel (D:5)
  A hungry ghost (D:7)
  4 slaves (D:5)
  3 phantoms
  An orc warrior (D:7)
  3 sky beasts
  A necrophage (D:8)
  4 ogres
  2 centaurs (D:5)
  A crocodile (D:4)
  A big kobold (D:8)
  2 bullfrogs
  2 scorpions
  5 killer bees (D:8)
  3 wights (D:6)
  4 crimson imps
  3 hounds
  3 jellies
  2 bullfrog skeletons
  6 orc wizards
  3 orc priests
  An iguana (D:6)
  Natasha (D:3)
  9 worker ants
  2 killer bee zombies
  A hound skeleton (D:7)
  A howler monkey zombie (D:6)
  Robin (D:3)
  4 adders
  A shadow imp (D:5)
  2 oozes
  An adder skeleton (D:4)
  A worm (D:2)
  7 dart slugs
  4 leopard geckos
  24 orcs
  8 bats
  8 giant cockroaches
  5 hobgoblins
  20 jackals
  8 quokkas
  8 frilled lizards
  8 goblins
  A jackal zombie (D:5)
  11 kobolds
  A quokka skeleton (D:4)
  2 quokka zombies (D:6)
  10 rats
205 creatures vanquished.

Vanquished Creatures (others)
  A kobold (D:8)
1 creature vanquished.

Grand Total: 206 creatures vanquished

Notes
Turn   | Place    | Note
-------+----------+-------------------------------------------
     0 | Abyss:1  | Sayu92 the Minotaur Abyssal Knight began the quest for the Orb.
     0 | Abyss:1  | Reached XP level 1. HP: 19/19 MP: 1/1
   108 | D:1      | Escaped the Abyss
   236 | D:1      | Reached XP level 2. HP: 20/27 MP: 2/2
   521 | D:1      | Reached ** piety under Lugonu
   556 | D:1      | Reached skill level 3 in Axes
   666 | D:1      | Reached XP level 3. HP: 26/33 MP: 3/3
  1059 | D:2      | Found a hide-covered altar of Uskayaw.
  1193 | D:2      | Found a faded altar of an unknown god.
  1193 | D:2      | Found a radiant altar of Vehumet.
  1198 | D:2      | Found an opulent altar of Gozag.
  1200 | D:2      | Found a sacrificial altar of Ru.
  1202 | D:2      | Found a faded altar of an unknown god.
  1624 | D:2      | Found a deep blue altar of Sif Muna.
  1917 | D:3      | Reached XP level 4. HP: 25/41 MP: 4/4
  2100 | D:3      | Reached skill level 4 in Axes
  2387 | D:3      | Noticed Robin
  2402 | D:3      | Killed Robin
  2694 | D:3      | Noticed Natasha
  2698 | D:3      | Killed Natasha
  2698 | D:3      | Reached XP level 5. HP: 40/47 MP: 5/5
  3014 | D:3      | Gained mutation: Your spells are a little harder to cast, but a little more powerful. [potion of mutation]
  3014 | D:3      | Gained mutation: You are resistant to hostile enchantments. (MR+) [potion of mutation]
  3086 | D:4      | Reached *** piety under Lugonu
  3091 | D:4      | Reached skill level 5 in Fighting
  3091 | D:4      | Reached skill level 5 in Axes
  3329 | D:4      | Noticed bmj180's ghost (amateur GrFi)
  3475 | D:4      | Reached XP level 6. HP: 51/56 MP: 7/7
  3610 | D:4      | Reached skill level 6 in Axes
  4638 | D:4      | Reached XP level 7. HP: 39/62 MP: 8/8
  4848 | D:4      | Reached skill level 7 in Axes
  5082 | D:5      | Entered Level 5 of the Dungeon
  5193 | D:5      | Reached **** piety under Lugonu
  5356 | D:5      | Found a sparkling altar of Nemelex Xobeh.
  5840 | D:5      | Reached skill level 8 in Axes
  5982 | D:5      | Reached XP level 8. HP: 48/71 MP: 10/10
  6097 | D:5      | Found a blossoming altar of Fedhas.
  6384 | D:5      | Noticed Pikel
  6533 | D:5      | Found a shimmering altar of Xom.
  6577 | D:5      | Killed Pikel
  6577 | D:5      | Reached skill level 9 in Axes
  6577 | D:5      | Reached skill level 5 in Armour
  7252 | D:6      | Found Yfuenkat's Armour Shop.
  7369 | D:6      | Reached XP level 9. HP: 66/80 MP: 11/11
  7704 | D:6      | Reached skill level 10 in Axes
  8737 | D:7      | Found Zin's Purification Station.
  8740 | D:7      | Found a glowing silver altar of Zin.
  8783 | D:6      | Bought a +2 shield of reflection for 240 gold pieces
  8976 | D:7      | Found a staircase to the Ecumenical Temple.
  9110 | D:7      | Reached skill level 1 in Shields
  9194 | D:7      | Reached ***** piety under Lugonu
  9442 | D:7      | Reached skill level 11 in Axes
  9627 | D:8      | Noticed Psyche
  9848 | D:8      | Cast into level 2 of the Abyss (Psyche)
  9848 | Abyss:2  | Found a corrupted altar of Lugonu.
  9958 | D:8      | Escaped the Abyss
 10331 | D:8      | Noticed Joseph
 10405 | D:8      | Killed from afar by Joseph

Skill      XL: |  1  2  3  4  5  6  7  8  9 |
---------------+----------------------------+-----
Fighting       | 4 5 6 7 9 |  9.0
Axes           | 3 4 5 6 8 9 11 | 11.5
Invocations    | 2 3 4 |  4.2
Armour         | 3 6 7 |  7.7
Shields        | 2 |  2.9
Dodging        | |  1.3

Action                   |  1- 3 |  4- 6 |  7- 9 || total
-------------------------+-------+-------+-------++-------
Melee: Hand axe          |   111 |   140 |   497 ||   748
       Headbutt          |    13 |    22 |    75 ||   110
       Unarmed           |       |       |    23 ||    23
Invok: Depart the Abyss  |       |       |     1 ||     1
       Bend Space        |       |       |     1 ||     1
  Use: Scroll            |       |     8 |     5 ||    13
       Potion            |       |     7 |     1 ||     8
 Stab: Confused          |       |       |     3 ||     3
  Eat: Chunk             |     2 |     5 |    11 ||    18
       Bread ration      |       |     1 |     2 ||     3
       Meat ration       |       |       |     1 ||     1
Armor: Leather armour    |    21 |       |       ||    21
       Ring mail         |    25 |    41 |       ||    66
       Chain mail        |       |    11 |   138 ||   149
       Plate armour      |       |       |    53 ||    53
Dodge: Dodged            |    48 |    77 |   123 ||   248
Block: Shield            |       |       |    68 ||    68
       Reflection        |       |       |     7 ||     7
